Map: Acid Plant LE

Players

puCK (Nina) - Winner!

  • Race: Protoss Protoss
  • League: Grandmaster
  • Spawn Location: 5:00

GAMETlME

  • Race: Zerg Zerg
  • League: Master
  • Spawn Location: 11:00

VOD

Have the link to the VOD?

Description

Time

  • Played on: May 9, 2018, 10:32 p.m.
  • Length: 5:45
Show
View Real Time Build Order
Export as new Build Order

puCK Protoss - Winner!

Build Orders: 1 Gate Expand, Oracle Opening, Phoenix Opening, Zealot Archon, Archon Drop 

Get SALT Encoding   

  12  0:00  Probe  
  13  0:12  Probe  
  14  0:19  Pylon  
  14  0:24  Probe  
  15  0:28  Assimilator  
  15  0:34  Probe  
  16  0:42  Probe  
  16  0:45  Gateway  
  17  0:51  Probe  
  18  1:03  Probe  
  19  1:15  Probe  
  20  1:24  Nexus  
  20  1:28  Probe  
  21  1:37  Cybernetics Core  
  21  1:41  Probe  
  21  1:45  Assimilator  
  22  1:54  Pylon  
  22  1:55  Probe  
  23  2:06  Adept  
  23  2:12  Probe  
  23  2:14  Stargate  
  26  2:21  Warp Gate  
  26  2:24  Probe  
  27  2:33  Adept, Probe x2  
  31  2:41  Probe x2  
  31  2:50  Probe x2  
  33  2:53  Oracle  
  35  3:02  Probe  
  35  3:03  Probe  
  40  3:13  Assimilator x2  
  40  3:14  Probe  
  40  3:15  Probe  
  42  3:25  Robotics Facility  
  42  3:27  Pylon, Probe  
  43  3:29  Probe  
  43  3:33  Phoenix  
  46  3:45  Probe x2  
  46  3:47  Twilight Council  
  48  3:55  Gateway  
  48  3:57  Probe x2  
  50  4:09  Gateway, Warp Prism  
  50  4:10  Gateway  
  50  4:12  Probe x2  
  52  4:23  Pylon  
  54  4:28  Templar Archives  
  54  4:41  Probe  
  54  4:43  Probe  
  56  4:48  Pylon  
  56  4:53  Probe  
  56  4:55  Probe  
  58  5:04  Nexus  
  58  5:05  Pylon  
  58  5:11  High Templar x4  
  66  5:15  Archon x2  
  66  5:16  Pylon  
  66  5:19  Gateway  
  66  5:21  Gateway, Probe  
  67  5:24  Probe  
  67  5:28  Shield Battery  
  68  5:33  Probe  
Show
View Real Time Build Order
Export as new Build Order

GAMETlME Zerg 

Build Orders: Hatch First 

Get SALT Encoding   

  12  0:02  Drone  
  13  0:12  Overlord  
  13  0:18  Extractor  
  13  0:19  Drone  
  14  0:30  Drone  
  14  0:31  Drone  
  16  0:36  Drone  
  17  0:55  Hatchery  
  16  0:58  Drone  
  16  1:02  Drone  
  18  1:12  Extractor  
  18  1:17  Spawning Pool  
  16  1:21  Drone  
  16  1:24  Drone  
  18  1:28  Drone  
  19  1:45  Overlord  
  19  2:06  Queen  
  19  2:07  Zergling x6  
  19  2:08  Queen  
  26  2:16  Metabolic Boost  
  26  2:18  Drone x2  
  26  2:21  Drone  
  29  2:29  Drone  
  30  2:33  Drone  
  31  2:46  Hatchery  
  31  2:48  Drone  
  31  2:50  Overlord  
  31  2:55  Drone x2  
  33  3:00  Drone  
  33  3:04  Drone  
  35  3:11  Drone  
  36  3:16  Drone x2  
  36  3:18  Drone x3  
  36  3:19  Drone x2  
  43  3:28  Overlord  
  43  3:35  Spore Crawler  
  43  3:36  Spore Crawler, Overlord  
  43  3:38  Drone  
  43  3:40  Drone  
  43  3:47  Drone x2  
  43  3:48  Drone x3  
  47  3:49  Drone  
  47  3:50  Drone  
  47  3:51  Drone  
  51  3:55  Extractor  
  51  3:59  Drone  
  51  4:00  Drone  
  52  4:08  Lair  
  47  4:10  Drone x3  
  47  4:12  Drone  
  51  4:19  Drone x2  
  51  4:20  Spore Crawler  
  51  4:22  Drone x3  
  51  4:23  Drone x2  
  57  4:26  Overlord  
  56  4:34  Extractor, Drone x2  
  56  4:35  Drone  
  54  4:41  Drone x2  
  54  4:43  Drone  
  55  4:49  Drone  
  57  4:54  Drone x5  
  57  4:57  Drone x2  
  64  5:02  Overlord  
  64  5:04  Drone  
  65  5:08  Extractor  
  65  5:10  Hydralisk Den  
  65  5:11  Overlord, Extractor  
  65  5:12  Drone x2  
  65  5:13  Drone  
  65  5:28  Hatchery  
Tags
 
Add a new tag
Caveats
  • Supply blocks, unpowered buildings, or Contaminate may cause inaccurate times.
  • Supply counts are checked every 10 seconds.